 Dungeon Crawl Stone Soup version 0.30.0 (webtiles) character file.

Game seed: 665268546546134097

28504 jagoly the Thaumaturge (level 13, -62/100 HPs)
             Began as a Djinni Conjurer on May 20, 2023.
             Was a High Priest of Zin.
             Killed from afar by a frost giant (70 damage)
             ... with a bolt of cold
             ... in an ice cave.
             The game lasted 01:24:37 (14851 turns).

jagoly the Thaumaturge (Djinni Conjurer)           Turns: 14851, Time: 01:24:37

Health: -62/100    AC:  7    Str:  6    XL:     13   Next: 73%
Gold:   752        EV:  9    Int: 26    God:    Zin [*****.] SH:  0 Dex: 17

rFire   + + +        i - staff of fire
rCold   x . .        (no shield)
rNeg    . . .        H - +0 steam dragon scales
rPois   ∞            T - +0 helmet
rElec   .            (no cloak)
rCorr   .            r - +0 pair of gloves
SInv    .            (boots unavailable)
Will    ++...        (no amulet)
Stlth   ++           O - ring of willpower
HPRegen 0.36/turn    Q - +6 ring of dexterity
MPRegen 0.00/turn

%: infuse magic (-63 HP)
@: vertiginous, flying
A: sickness immunity, fire resistance 2, cold vulnerability 1, float, innate
caster, HP casting, extra vitality 1
a: Renounce Religion, Recite, Vitalisation, Imprison, Sanctuary, Donate Gold


You were in an ice cave.
You worshipped Zin.
Zin was extremely pleased with you.
You visited 2 branches of the dungeon, and saw 14 of its levels.
You also visited: Ice Cave.

You collected 896 gold pieces.
You spent 55 gold pieces at shops.
You donated 89 gold pieces to Zin.

Inventory:

Hand Weapons
 d - a +1 dagger of venom
 m - a +0 sling
 U - a +6 dagger of freezing
Missiles
 c - 41 poisoned darts
 g - 111 stones
 j - 19 boomerangs
 W - 4 javelins
Armour
 r - a +0 pair of gloves (worn)
 H - +0 steam dragon scales (worn)
 T - a +0 helmet (worn)
Magical Staves
 i - a staff of fire (weapon)
Jewellery
 J - a ring of resist corrosion
 N - a ring of positive energy
 O - a ring of willpower (left hand)
 Q - a +6 ring of dexterity (right hand)
 V - a ring of wizardry
Wands
 M - a wand of flame (16)
 S - a wand of mindburst (10)
Scrolls
 a - 3 scrolls of fear
 k - 3 scrolls of blinking
 l - 2 scrolls of immolation {unknown}
 n - 3 scrolls of vulnerability
 o - 3 scrolls of enchant weapon
 t - 8 scrolls of teleportation
 u - a scroll of fog {unknown}
 v - 2 scrolls of amnesia {unknown}
 w - a scroll of torment {unknown}
 x - a scroll of noise {unknown}
 A - 3 scrolls of butterflies {unknown}
 G - a scroll of enchant armour {unknown}
 L - a scroll of brand weapon {unknown}
 R - a scroll of poison {unknown}
 X - 2 scrolls of silence {unknown}
Potions
 e - 4 potions of lignification {unknown}
 f - 3 potions of berserk rage
 h - 2 potions of resistance {unknown}
 p - 6 potions of curing
 q - 7 potions of brilliance
 s - 2 potions of mutation {unknown}
 z - 2 potions of cancellation {unknown}
 B - 2 potions of might {unknown}
 C - 2 potions of attraction {unknown}
 D - 2 potions of ambrosia {unknown}
 F - 4 potions of magic {unknown}
 I - 2 potions of haste
 K - 2 potions of degeneration {unknown}
 P - 2 potions of heal wounds


   Skills:
 + Level 11.8 Fighting
 - Level 4.0 Dodging
 - Level 2.0 Stealth
 - Level 12.0 Spellcasting
 + Level 11.8 Invocations


You knew the following spells:

 Your Spells              Type           Power      Damage    Failure   Level
a - Magic Dart            Conj           100%       1d8       1%          1
b - Slow                  Hex            100%       N/A       1%          1
c - Stone Arrow           Conj/Erth      100%       3d13      1%          3
d - Fulminant Prism       Conj/Hex       33%        3d15      1%          4
e - Blade Hands           Tmut           33%        N/A       2%          5
f - Dazzling Flash        Conj/Hex       100%       N/A       1%          3
s - Searing Ray           Conj           100%       2d8       1%          2
A - Scorch                Fire           100%       2d9       1%          2
I - Alistair's Intoxicat  Tmut/Pois      44%        N/A       2%          5
M - Iskenderun's Mystic   Conj/Tloc      67%        2d14      1%          4
S - Swiftness             Air            67%        N/A       1%          3
Your spell library was empty.

Dungeon Overview and Level Annotations

Branches:
Dungeon (13/15) Zot: 26532  Temple (1/1) D:7 Zot: 5897    Lair (0/5) D:8
    Orc (0/2) D:9           IceCv (1/1) Zot: 4598
 Vaults: D:13-14

Altars:
Ashenzari
Cheibriados
Dithmenos
Elyvilon
Fedhas
Gozag
Hepliaklqana
Makhleb
Nemelex Xobeh
Okawaru
Qazlal
Ru
Trog
Uskayaw
Wu Jian
Xom
Yredelemnul
Zin
The Shining One

Shops:
D:5 :(:[   D:8 !

Annotations:
D:8 exclusion: downstairs
D:9 exclusion: downstairs
D:10 1 runed translucent door, 4 exclusions, Fannar; PiratePeteNZ's ghost, novice HOFi
D:12 Rupert


Innate Abilities, Weirdness & Mutations

You are immune to sickness and miasma.
You are immune to poison.
Your flesh is very heat resistant. (rF++)
You are vulnerable to cold. (rC-)
You float through the air rather than walking.
You learn spells naturally, not from books.
Your magical power is your life essence.
You have superior vitality. (+4 MHP)


Message History

You kill the rime drake!
HP restored.
A yak comes into view.
A death yak comes into view.
A yak comes into view.
The death yak moves out of view.
Cast which spell? (? or * to list)
You can't see any susceptible monsters within range! (Use Z to cast anyway.) Cast which spell? (? or * to list)
Aiming: Fulminant Prism (safe; 1% risk of failure)
Press: ? - help, Dir - move target
Okay, then.
Cast which spell? (? or * to list)
Aiming: Fulminant Prism (safe; 1% risk of failure)
Press: ? - help, Dir - move target You conjure a prism of explosive energy!
The yak bellows!
The death yak bellows!
A fulminant prism comes into view.
The yak snorts and paws the ground.
The yak completely misses your fulminant prism.
Your fulminant prism crackles loudly.
The yak gores your fulminant prism!
Your fulminant prism explodes!
The blast of energy engulfs the yak!!
The yak is heavily wounded.
The blast of energy engulfs the yak!!!
You kill the yak!
The blast of energy engulfs the yak!!
The yak is severely wounded.
Cast which spell? (? or * to list)
Aiming: Fulminant Prism (safe; 1% risk of failure)
Press: ? - help, Dir - move target You conjure a prism of explosive energy!
A fulminant prism comes into view.
Your fulminant prism crackles loudly.
Cast which spell? (? or * to list)
Aiming: Fulminant Prism (safe; 1% risk of failure)
Press: ? - help, Dir - move target, f - yak
Aim: a yak (heavily wounded)
Okay, then.
Cast which spell? (? or * to list)
Aiming: Stone Arrow (safe; 1% risk of failure)
Press: ? - help, Shift-Dir - straight line, f - death yak
Aim: a death yak (ally target, 92% to hit)
The stone arrow hits the death yak!
The death yak is lightly wounded.
Your fulminant prism explodes!
The blast of energy engulfs the yak!!!
You kill the yak!
The blast of energy engulfs the yak!!
You kill the yak!
Cast which spell? (? or * to list)
You erupt in a blast of force!
The mystic blast hits the death yak!
The death yak is moderately wounded.
The death yak is knocked back by the mystic blast.
Cast which spell? (? or * to list)
Aiming: Fulminant Prism (safe; 1% risk of failure)
Press: ? - help, Dir - move target, p - death yak
Okay, then.
Cast which spell? (? or * to list)
Okay, then.
Cast which spell? (? or * to list)
Aiming: Fulminant Prism (safe; 1% risk of failure)
Press: ? - help, Dir - move target, p - death yak You conjure a prism of explosive energy!
A fulminant prism comes into view.
Your fulminant prism crackles loudly.
Your fulminant prism explodes!
The blast of energy engulfs the death yak!!!
The death yak is severely wounded.
Cast which spell? (? or * to list)
Okay, then.
The death yak snorts and paws the ground.
Cast which spell? (? or * to list)
You erupt in a blast of force!
The mystic blast hits the death yak!
The death yak is almost dead.
The death yak gores you!!
Cast which spell? (? or * to list)
You erupt in a blast of force!
The mystic blast hits the death yak!
The death yak is almost dead.
The death yak is knocked back by the mystic blast.
Cast which spell? (? or * to list)
Aiming: Stone Arrow (safe; 1% risk of failure)
Press: ? - help, Shift-Dir - straight line, f - death yak
Aim: a death yak (almost dead, 92% to hit)
The stone arrow hits the death yak!
You kill the death yak!
Key pressed, stopping explore.
Unknown command.
Key pressed, stopping explore.
Unknown command.
A death yak and a yak come into view.
The death yak bellows!
A death yak comes into view.
Unknown command.
Unknown command.
The death yak attacks as you move away! The death yak gores you!
Unknown command.
The yak attacks as you move away! The yak gores you!
You hear a bellow!
The yak attacks as you move away! The yak misses you.
The yak attacks as you move away! The yak closely misses you.
The yak attacks as you move away! The yak misses you.
The yak attacks as you move away! The yak gores you.
The yak attacks as you move away! The yak gores you but does no damage.
Cast which spell? (? or * to list)
You erupt in a blast of force!
The mystic blast hits the death yak!
The death yak is lightly wounded.
The death yak is knocked back by the mystic blast.
The mystic blast hits the yak!
The yak is moderately wounded.
The yak is knocked back by the mystic blast.
The yak slams into the ice covered rock wall!
The yak is heavily wounded.
The yak snorts and paws the ground.
Cast which spell? (? or * to list)
You don't know that spell.
Unknown command.
Cast which spell? (? or * to list)
Aiming: Fulminant Prism (safe; 1% risk of failure)
Press: ? - help, Dir - move target You conjure a prism of explosive energy!
A fulminant prism comes into view.
Your fulminant prism crackles loudly.
The yak attacks as you move away! The yak misses you.
Your fulminant prism explodes!
The blast of energy engulfs the death yak!
The death yak is moderately wounded.
The blast of energy engulfs the yak!
You kill the yak!
Cast which spell? (? or * to list)
Aiming: Stone Arrow (safe; 1% risk of failure)
Press: ? - help, Shift-Dir - straight line, f - death yak
Aim: a death yak (moderately wounded, 92% to hit)
The stone arrow hits the death yak!
The death yak is heavily wounded.
Cast which spell? (? or * to list)
You erupt in a blast of force!
The mystic blast hits the death yak!
The death yak is heavily wounded.
The death yak is knocked back by the mystic blast.
Cast which spell? (? or * to list)
Aiming: Stone Arrow (safe; 1% risk of failure)
Press: ? - help, Shift-Dir - straight line, f/p - death yak
Aim: a death yak (heavily wounded, 92% to hit)
The stone arrow hits the death yak!!
The death yak is severely wounded.
Cast which spell? (? or * to list)
You erupt in a blast of force!
The mystic blast hits the death yak but does no damage.
The death yak is severely wounded.
The death yak barely misses you.
Cast which spell? (? or * to list)
You erupt in a blast of force!
The mystic blast hits the death yak!
The death yak is almost dead.
The death yak is knocked back by the mystic blast.
Cast which spell? (? or * to list)
Aiming: Stone Arrow (safe; 1% risk of failure)
Press: ? - help, Shift-Dir - straight line, f/p - death yak
Aim: a death yak (almost dead, 92% to hit)
The stone arrow hits the death yak!
You kill the death yak!
You start resting.
A death yak is nearby!
A death yak is nearby!
A death yak is nearby!
Unknown command.
Cast which spell? (? or * to list)
Aiming: Fulminant Prism (safe; 1% risk of failure)
Press: ? - help, Dir - move target You conjure a prism of explosive energy!
The death yak bellows!
A fulminant prism comes into view.
Your fulminant prism crackles loudly.
Your fulminant prism explodes!
The blast of energy engulfs the death yak!!
The death yak is moderately wounded.
Cast which spell? (? or * to list)
Aiming: Stone Arrow (safe; 1% risk of failure)
Press: ? - help, Shift-Dir - straight line, f - death yak
Aim: a death yak (moderately wounded, 92% to hit)
The stone arrow hits the death yak!!
The death yak is severely wounded.
Cast which spell? (? or * to list)
Aiming: Stone Arrow (safe; 1% risk of failure)
Press: ? - help, Shift-Dir - straight line, f/p - death yak
Aim: a death yak (severely wounded, 92% to hit)
The stone arrow hits the death yak!
The death yak is almost dead.
Cast which spell? (? or * to list)
Aiming: Stone Arrow (safe; 1% risk of failure)
Press: ? - help, Shift-Dir - straight line, f/p - death yak
Aim: a death yak (almost dead, 92% to hit)
The stone arrow hits the death yak!!
You kill the death yak!
Training target 12.0 for Spellcasting reached!
Your Spellcasting skill increases to level 12!
HP restored.
You see here a death yak corpse.
Key pressed, stopping explore.
Unknown command.
I - 2 potions of haste (gained 1)
z - 2 sapphire potions (gained 1) Key pressed, stopping explore.
Unknown command.
Unknown command.
Key pressed, stopping explore.
Unknown command.
Key pressed, stopping explore.
Unknown command.
Key pressed, stopping explore.
Unknown command.
Key pressed, stopping explore.
Unknown command.
Key pressed, stopping explore.
Unknown command.
Key pressed, stopping explore.
Unknown command.
A rime drake comes into view.
The rime drake moves out of view.
Unknown command.
The rime drake hisses angrily.
Unknown command.
Cast which spell? (? or * to list)
Aiming: Stone Arrow (safe; 1% risk of failure)
Press: ? - help, Shift-Dir - straight line
Okay, then.
You start waiting.
A rime drake is nearby!
Cast which spell? (? or * to list)
Aiming: Stone Arrow (safe; 1% risk of failure)
Press: ? - help, Shift-Dir - straight line, f - rime drake
Aim: a rime drake (72% to hit)
The stone arrow hits the rime drake!!
The rime drake is heavily wounded.
The rime drake breathes ice at you. The icy flash freeze hits you!
You feel a painful chill!
You are encased in ice.
Cast which spell? (? or * to list)
Aiming: Stone Arrow (safe; 1% risk of failure)
Press: ? - help, Shift-Dir - straight line, f/p - rime drake
Aim: a rime drake (heavily wounded, 72% to hit)
The stone arrow hits the rime drake!!
You kill the rime drake!
The ice encasing you melts away.
HP restored.
Key pressed, stopping explore.
Unknown command.
Key pressed, stopping explore.
Unknown command.
Key pressed, stopping explore.
Unknown command.
A polar bear comes into view.
Found five items.
The polar bear growls angrily.
You hear an angry hiss. x2
Unknown command.
Unknown command.
Cast which spell? (? or * to list)
Aiming: Stone Arrow (safe; 1% risk of failure)
Press: ? - help, Shift-Dir - straight line, f - polar bear
Aim: a polar bear (84% to hit)
The stone arrow hits the polar bear!!
The polar bear is severely wounded.
A rime drake comes into view.
Cast which spell? (? or * to list)
Aiming: Stone Arrow (safe; 1% risk of failure)
Press: ? - help, Shift-Dir - straight line, f/p - polar bear
Aim: a polar bear (severely wounded, 84% to hit)
The stone arrow hits the polar bear!
The polar bear is almost dead.
You hear an angry hiss.
The polar bear goes berserk!
Cast which spell? (? or * to list)
Aiming: Stone Arrow (safe; 1% risk of failure)
Press: ? - help, Shift-Dir - straight line, f/p - polar bear
Aim: a polar bear (almost dead, berserk, 84% to hit)
The stone arrow hits the polar bear!
You kill the polar bear!
Cast which spell? (? or * to list)
Aiming: Stone Arrow (safe; 1% risk of failure)
Press: ? - help, Shift-Dir - straight line, f - rime drake
Aim: a rime drake (72% to hit)
The stone arrow hits the rime drake!
The rime drake is moderately wounded.
The rime drake breathes ice at you. The icy flash freeze hits you!!
You feel a painful chill!
You are encased in ice.
Cast which spell? (? or * to list)
Aiming: Stone Arrow (safe; 1% risk of failure)
Press: ? - help, Shift-Dir - straight line, f/p - rime drake
Aim: a rime drake (moderately wounded, catching its breath, 72% to hit)
The stone arrow hits the rime drake!!
You kill the rime drake!
Cast which spell? (? or * to list)
You can't see any susceptible monsters within range! (Use Z to cast anyway.) Unknown command.
The ice encasing you melts away.
You start resting.
HP restored.
A frost giant comes into view.
It is wielding a +1 battleaxe of freezing.
Unknown command.
Unknown command.
Press: ? - help, v - describe, . - travel
Here: a frost giant, wielding a +1 battleaxe of freezing (wandering, hasn't noticed you)
The floor.
Unknown command.
Unknown command.
Adjust (i)tems, (s)pells, or (a)bilities?
Adjust which spell? g - Alistair's Intoxication Adjust to which letter?
I - Alistair's Intoxication Cast which spell? (? or * to list)
Casting: Alistair's Intoxication (mildly dangerous; 1% risk of failure)
Press: ? - help, Dir - look around, f - activate Look: a frost giant, wielding a +1 battleaxe of freezing (wandering, hasn't noticed you, chance to confuse: 62%)
Okay, then.
Unknown command.
Okay, then.
Cast which spell? (? or * to list)
Aiming: Slow (safe; 1% risk of failure)
Press: ? - help, Shift-Dir - straight line, f - frost giant
Aim: a frost giant, wielding a +1 battleaxe of freezing (wandering, hasn't noticed you, chance to affect: 11%)
Okay, then.
Okay, then.
You start waiting.
A rime drake comes into view.
The rime drake hisses angrily.
The rime drake breathes ice at you. The icy flash freeze hits you!!
You feel a painful chill!
You are encased in ice.
Cast which spell? (? or * to list)
You can't see any susceptible monsters within range! (Use Z to cast anyway.) Cast which spell? (? or * to list)
Aiming: Stone Arrow (safe; 1% risk of failure)
Press: ? - help, Shift-Dir - straight line, f - rime drake
Aim: a rime drake (water, 72% to hit)
The stone arrow hits the rime drake!
The rime drake is heavily wounded.
Cast which spell? (? or * to list)
Aiming: Stone Arrow (safe; 1% risk of failure)
Press: ? - help, Shift-Dir - straight line, f/p - rime drake
Aim: a rime drake (water, heavily wounded, 72% to hit)
The stone arrow hits the rime drake!!
You kill the rime drake!
The ice encasing you melts away.
You start resting.
A frost giant is nearby!
You start resting.
A frost giant is nearby!
Okay, then.
Throw: 2 darts (curare)
Press: ? - help, Shift-Dir - straight line, f - frost giant
Aim: a frost giant, wielding a +1 battleaxe of freezing (wandering, hasn't noticed you, 87% to hit)
You throw a curare-tipped dart.
The curare-tipped dart hits the frost giant.
The frost giant is poisoned.
The frost giant convulses.
The frost giant seems to slow down.
The frost giant shouts!
The frost giant is lightly wounded.
Press: ? - help, v - describe, . - travel
Here: a frost giant, wielding a +1 battleaxe of freezing (lightly wounded, very poisoned, slow)
The floor.
Cast which spell? (? or * to list)
Casting: Alistair's Intoxication (mildly dangerous; 1% risk of failure)
Press: ? - help, Dir - look around, f - activate Look: a frost giant, wielding a +1 battleaxe of freezing (lightly wounded, very poisoned, slow, chance to confuse: 62%)
You attempt to intoxicate your foes!
Press: ? - help, v - describe, . - travel
Here: a frost giant, wielding a +1 battleaxe of freezing (lightly wounded, very poisoned, slow)
The floor.
You start resting.
A frost giant is nearby!
Cast which spell? (? or * to list)
Casting: Alistair's Intoxication (mildly dangerous; 1% risk of failure)
Press: ? - help, Dir - look around, f - activate You attempt to intoxicate your foes!
The frost giant looks rather confused.
The world spins around you!
The frost giant is no longer moving slowly.
Throw: dart (curare)
Press: ? - help, Shift-Dir - straight line, f/p - frost giant
Aim: a frost giant, wielding a +1 battleaxe of freezing (lightly wounded, confused, poisoned, 93% to hit)
You throw a curare-tipped dart.
The curare-tipped dart hits the frost giant.
The frost giant looks even sicker.
The frost giant convulses.
The frost giant seems to slow down.
The frost giant is lightly wounded.
The frost giant wonders, "What am I doing in here?"
Throw: 42 darts (poison)
Press: ? - help, Shift-Dir - straight line, f/p - frost giant
Aim: a frost giant, wielding a +1 battleaxe of freezing (lightly wounded, confused, very poisoned, slow, 93% to hit)
You throw a poisoned dart. The poisoned dart hits the frost giant.
The frost giant looks as sick as possible!
The frost giant is lightly wounded.
Cast which spell? (? or * to list)
Aiming: Fulminant Prism (mildly dangerous; 1% risk of failure)
Press: ? - help, Dir - move target, p - frost giant You conjure a prism of explosive energy!
A fulminant prism comes into view.
The frost giant hits your fulminant prism with a +1 battleaxe of freezing!
The frost giant freezes your fulminant prism.
The world stops spinning.
The frost giant seems less confused.
Your fulminant prism crackles loudly.
The frost giant hits your fulminant prism with a +1 battleaxe of freezing!!!
Your fulminant prism explodes!
The blast of energy engulfs the frost giant!
The frost giant is heavily wounded.
Cast which spell? (? or * to list)
Casting: Alistair's Intoxication (mildly dangerous; 1% risk of failure)
Press: ? - help, Dir - look around, f - activate You attempt to intoxicate your foes!
The frost giant looks rather confused.
The world spins around you!
Cast which spell? (? or * to list)
Aiming: Fulminant Prism (mildly dangerous; 1% risk of failure)
Press: ? - help, Dir - move target You conjure a prism of explosive energy!
A fulminant prism comes into view.
Your fulminant prism crackles loudly.
Your fulminant prism explodes!
Cast which spell? (? or * to list)
Aiming: Fulminant Prism (mildly dangerous; 1% risk of failure)
Press: ? - help, Dir - move target
Okay, then.
Cast which spell? (? or * to list)
Casting: Alistair's Intoxication (dangerous; 2% risk of failure)
Press: ? - help, Dir - look around, f - activate You attempt to intoxicate your foes!
The world stops spinning.
The frost giant casts a spell at you. The bolt of cold hits you!!!
You feel a terrible chill!
Ouch! That really hurt!
* * * LOW HITPOINT WARNING * * *
Cast which spell? (? or * to list)
Casting: Alistair's Intoxication (mildly dangerous; 1% risk of failure)
Press: ? - help, Dir - look around, f - activate Look: a frost giant, wielding a +1 battleaxe of freezing (severely wounded, very poisoned, chance to confuse: 62%)
Okay, then.
Okay, then.
Read: 3 scrolls of fear
Press: ? - help, Dir - look around, f - activate Look: a frost giant, wielding a +1 battleaxe of freezing (severely wounded, very poisoned, chance to affect: 64%)
Okay, then.
Unknown command.
Unknown command.
Unknown command.
Cast which spell? (? or * to list)
Casting: Alistair's Intoxication (mildly dangerous; 1% risk of failure)
Press: ? - help, Dir - look around, f - activate Look: a frost giant, wielding a +1 battleaxe of freezing (severely wounded, very poisoned, chance to confuse: 62%)
You attempt to intoxicate your foes!
* * * LOW HITPOINT WARNING * * *
Press: ? - help, v - describe, . - travel
Here: a frost giant, wielding a +1 battleaxe of freezing (severely wounded, very poisoned)
The floor.
Cast which spell? (? or * to list)
Casting: Alistair's Intoxication (mildly dangerous; 1% risk of failure)
Press: ? - help, Dir - look around, f - activate You attempt to intoxicate your foes!
* * * LOW HITPOINT WARNING * * *
Cast which spell? (? or * to list)
Casting: Alistair's Intoxication (mildly dangerous; 1% risk of failure)
Press: ? - help, Dir - look around, f - activate You attempt to intoxicate your foes!
The frost giant looks rather confused.
The world spins around you!
* * * LOW HITPOINT WARNING * * *
The frost giant says, "Why is everything spinning?"
Okay, then.
Press: ? - help, v - describe, . - travel
Here: a frost giant, wielding a +1 battleaxe of freezing (severely wounded, confused, very poisoned)
The floor.
Aiming: Mindburst
Press: ? - help, Shift-Dir - straight line, f - frost giant
Aim: a frost giant, wielding a +1 battleaxe of freezing (severely wounded, confused, very poisoned, chance to affect: 16%)
Okay, then.
Press: ? - help, v - describe, . - travel
Here: a frost giant, wielding a +1 battleaxe of freezing (severely wounded, confused, very poisoned)
The floor.
Unknown command.
Okay, then.
Unknown command.
Unknown command.
You feel better.
Cast which spell? (? or * to list)
Aiming: Stone Arrow (safe; 1% risk of failure)
Press: ? - help, Shift-Dir - straight line, f - frost giant
Aim: a frost giant, wielding a +1 battleaxe of freezing (severely wounded, confused, poisoned, 100% to hit)
The stone arrow hits the frost giant!
The frost giant is severely wounded.
* * * LOW HITPOINT WARNING * * *
Cast which spell? (? or * to list)
Aiming: Stone Arrow (safe; 1% risk of failure)
Press: ? - help, Shift-Dir - straight line, f/p - frost giant
Aim: a frost giant, wielding a +1 battleaxe of freezing (severely wounded, confused, poisoned, 100% to hit)
The stone arrow hits the frost giant!!
The frost giant is almost dead.
* * * LOW HITPOINT WARNING * * *
The frost giant seems less confused.
The frost giant gestures at you while chanting.
The bolt of cold hits you!!!
You feel a terrible chill!
Ouch! That really hurt!
You die...

####### #####
....#.###...####
..#..#....#....##
#####.#..####.#.##
###### ##.#.#
##.@# ##C.##
##..## #.#.#
####..# ##.#..##
#.#..## ###..##
#.(.##


You could see a frost giant (poisoned).

Vanquished Creatures
  Erolcha (D:9)
  3 centaur warriors (D:13)
  A two-headed ogre (D:7)
  5 death yaks (IceCv)
  Urug (D:11)
  Nergalle (D:11)
  Amaemon (D:11)
  2 deep elf pyromancers
  An ugly thing (D:11)
  A manticore (D:13)
  An ice statue (IceCv)
  An unseen horror (D:11)
  9 rime drakes
  A komodo dragon (D:8)
  A kobold demonologist (D:11)
  An orange demon (D:11)
  Psyche (D:8)
  3 polar bears (IceCv)
  2 trolls
  Prince Ribbit (D:6)
  Grinder (D:5)
  3 slime creatures (D:12)
  36 yaks
  5 wraiths
  2 steam dragons
  8 vampire mosquitoes
  An acid dragon (D:11)
  Duvessa (D:6)
  2 water moccasins
  4 orc warriors (D:9)
  2 sky beasts (D:7)
  An ice beast (D:7)
  2 ogres (D:6)
  3 wolves (IceCv)
  12 centaurs
  4 phantoms
  5 kobold brigands
  5 bullfrogs
  4 scorpions
  6 wights (D:8)
  Dowan (D:6)
  24 killer bees
  7 howler monkeys
  A hound (D:6)
  6 orc priests
  2 jellies
  A gnoll bouda (D:10)
  13 orc wizards
  Natasha (thrice) (D:3)
  6 iguanas
  5 gnolls (D:10)
  4 adders
  A white imp (D:5)
  An ufetubus (D:7)
  3 worms
  5 dart slugs
  40 orcs
  7 ball pythons
  4 endoplasms
  7 giant cockroaches
  A goblin (D:3)
  9 hobgoblins
  4 jackals (D:5)
  5 quokkas
  2 bats
  2 frilled lizards
  25 kobolds
  7 rats
341 creatures vanquished.

Vanquished Creatures (others)
  63 fulminant prisms
  37 plants (D:8)
100 creatures vanquished.

Grand Total: 441 creatures vanquished

Notes
Turn   | Place    | Note
-------+----------+-------------------------------------------
     0 | D:1      | jagoly the Djinni Conjurer began the quest for the Orb.
     0 | D:1      | jagoly set off with the following spells memorised: Magic
                  | Dart, Searing Ray, Dazzling Flash, Fulminant Prism,
                  | Iskenderun's Mystic Blast.
     0 | D:1      | Reached XP level 1. HP: 15/15 MP: 0/0
    55 | D:1      | Reached XP level 2. HP: 19/21 MP: 0/0
   198 | D:1      | Reached XP level 3. HP: 21/25 MP: 0/0
   198 | D:1      | Learned a level 1 spell: Slow
   752 | D:1      | Reached skill level 4 in Spellcasting
   948 | D:2      | Found an iron altar of Okawaru.
  1049 | D:2      | Found a faded altar of an unknown god.
  1080 | D:2      | Reached XP level 4. HP: 24/31 MP: 0/0
  1651 | D:3      | Reached XP level 5. HP: 24/35 MP: 0/0
  1651 | D:3      | Learned a level 2 spell: Scorch
  1930 | D:3      | Noticed Natasha
  1937 | D:3      | Killed Natasha
  2027 | D:3      | Noticed Natasha
  2031 | D:3      | Killed Natasha
  2032 | D:3      | Reached skill level 5 in Spellcasting
  2352 | D:3      | Noticed Natasha
  2456 | D:3      | Killed Natasha
  2457 | D:3      | Reached XP level 6. HP: 22/40 MP: 0/0
  2906 | D:4      | Reached skill level 6 in Spellcasting
  2906 | D:4      | Reached XP level 7. HP: 38/45 MP: 0/0
  2906 | D:4      | Learned a level 3 spell: Swiftness
  3286 | D:5      | Entered Level 5 of the Dungeon
  3505 | D:5      | Found Vofe's Book Emporium.
  3523 | D:5      | Found Zutwusappo's Weapon Shoppe.
  3605 | D:5      | Noticed Grinder
  3676 | D:6      | Noticed Duvessa
  3677 | D:6      | Noticed Dowan
  3688 | D:6      | Killed Duvessa
  3689 | D:6      | Reached skill level 7 in Spellcasting
  3689 | D:6      | Reached XP level 8. HP: 28/50 MP: 0/0
  3778 | D:6      | Killed Dowan
  3861 | D:6      | Noticed Prince Ribbit
  3865 | D:6      | Killed Prince Ribbit
  3889 | D:6      | Reached skill level 8 in Spellcasting
  4053 | D:6      | Reached skill level 1 in Fighting
  4178 | D:6      | Reached XP level 9. HP: 39/62 MP: 0/0
  4178 | D:6      | Learned a level 3 spell: Stone Arrow
  4363 | D:6      | Reached skill level 5 in Fighting
  5126 | D:7      | Found a staircase to the Ecumenical Temple.
  5140 | Temple   | Entered the Ecumenical Temple
  5223 | Temple   | Became a worshipper of Zin the Law-Giver
  5223 | Temple   | Reached * piety under Zin
  5301 | D:7      | Reached skill level 1 in Invocations
  5537 | D:7      | Reached ** piety under Zin
  5571 | D:7      | Noticed a two-headed ogre
  5587 | D:7      | Killed a two-headed ogre
  5588 | D:7      | Reached XP level 10. HP: 59/76 MP: 0/0
  6230 | D:5      | Paralysed by Grinder for 4 turns
  6236 | D:5      | Killed Grinder
  6331 | D:5      | Found Haehu's Vocational Training.
  6528 | D:5      | Found Huwiloit's Armour Boutique.
  6801 | D:8      | Reached *** piety under Zin
  7114 | D:8      | Reached skill level 9 in Spellcasting
  7175 | D:8      | Found a shadowy altar of Dithmenos.
  7214 | D:8      | Noticed a komodo dragon
  7430 | D:8      | Reached **** piety under Zin
  7453 | D:8      | Noticed Psyche
  7460 | D:8      | Killed Psyche
  7527 | D:8      | Killed a komodo dragon
  7662 | D:8      | Found Xeut Giro's Distillery.
  7855 | D:8      | Found a staircase to the Lair.
  7885 | D:8      | Bought a potion of heal wounds for 55 gold pieces
  7944 | D:8      | Reached XP level 11. HP: 57/84 MP: 0/0
  7944 | D:8      | Learned a level 5 spell: Blade Hands
  8408 | D:8      | Found a staircase to the Lair.
  8590 | D:9      | Noticed Erolcha
  8719 | D:9      | Killed Erolcha
  8720 | D:9      | Reached skill level 10 in Fighting
  8720 | D:9      | Reached skill level 10 in Spellcasting
  8812 | D:9      | Found a staircase to the Orcish Mines.
  9039 | D:9      | Reached skill level 5 in Invocations
  9849 | D:9      | Reached ***** piety under Zin
 10030 | D:10     | Entered Level 10 of the Dungeon
 10041 | D:10     | Noticed PiratePeteNZ's ghost (novice HOFi)
 10208 | D:10     | Noticed Fannar
 10346 | D:10     | Found a runed translucent door.
 10738 | D:11     | Noticed Nergalle
 10746 | D:11     | Killed Nergalle
 11039 | D:11     | Reached XP level 12. HP: 68/91 MP: 0/0
 11137 | D:11     | Noticed Urug
 11146 | D:11     | Killed Urug
 11237 | D:11     | Reached skill level 10 in Invocations
 11432 | D:11     | Noticed Amaemon
 11440 | D:11     | Killed Amaemon
 12738 | D:12     | Noticed Rupert
 12985 | D:13     | Noticed a centaur warrior
 12985 | D:13     | Noticed a centaur warrior
 12989 | D:13     | Noticed a centaur warrior
 13088 | D:13     | Killed a centaur warrior
 13089 | D:13     | Reached skill level 11 in Spellcasting
 13090 | D:13     | Killed a centaur warrior
 13091 | D:13     | Reached XP level 13. HP: 22/98 MP: 0/0
 13091 | D:13     | Learned a level 5 spell: Alistair's Intoxication
 13091 | D:13     | Killed a centaur warrior
 13437 | D:13     | Found a frozen archway.
 13451 | IceCv    | Entered an ice cave
 14407 | IceCv    | Reached skill level 12 in Spellcasting
 14747 | IceCv    | Noticed a frost giant
 14851 | IceCv    | Killed from afar by a frost giant

Illustrated notes

Levels and vault maps discovered:
D:1:      dpeg_chamrin_arrival_tetris, layout_basic
D:2:      layout_loops_ring, basic_altar, shapermc_ecumenical_altar_totnotflames
D:3:      layout_loops_ring, palyth_stone_intersect, uniq_natasha
D:4:      layout_rooms
D:5:      layout_loops_ring, serial_shops, shop, nicolae_shop_behind_doors,
          nicolae_shop_bloodbath_and_beyond, nicolae_shop_vocational,
          uniq_grinder
D:6:      layout_basic, hangedman_decor_lopped, uniq_prince_ribbit1,
          uniq_duvessa
D:7:      layout_rooms, temple_green
D:8:      layout_cave_pools, grunt_dithmenos_smoke, david_lair_shrubbed,
          serial_shops, shop, uniq_psyche
D:9:      layout_gridville, minmay_orc_entry_temple_small, uniq_erolcha
D:10:     layout_irregular_city, hellmonk_ghost_happy_afterlife, uniq_fannar
D:11:     layout_roguey, uniq_amaemon, uniq_nergalle, uniq_urug
D:12:     layout_basic, nicolae_figureground_sparkle, uniq_rupert
D:13:     layout_loops_corners, david_vaults_1, portal_ice_cave_rime,
          gammafunk_ghost_ooze, hangedman_ru_absence
Temple:   nicolae_temple_the_god_donut
IceCv:    ice_cave_small_giant

Skill      XL: |  1  2  3  4  5  6  7  8  9 10 11 12 13 |
---------------+----------------------------------------+-----
Stealth        | 2 |  2.0
Spellcasting   | 4 5 6 7 8 9 10 11 12 | 12.0
Fighting       | 4 8 9 10 11 | 11.8
Invocations    | 4 9 10 11 | 11.8
Dodging        | 3 4 |  4.0

Action                     |  1- 3 |  4- 6 |  7- 9 | 10-12 | 13-15 || total
---------------------------+-------+-------+-------+-------+-------++-------
  Melee: Staff             |       |     1 |       |       |       ||     1
  Throw: Dart              |       |       |     1 |       |     3 ||     4
   Cast: Magic Dart        |    72 |    76 |    77 |   106 |     2 ||   333
         Searing Ray       |       |    10 |     9 |     6 |     1 ||    26
         Dazzling Flash    |       |     1 |     1 |       |       ||     2
         Scorch            |       |    10 |    61 |     5 |       ||    76
         Stone Arrow       |       |       |     4 |   174 |    48 ||   226
         Iskenderun's Myst |       |       |     1 |    16 |     7 ||    24
         Fulminant Prism   |       |       |       |    31 |    32 ||    63
         Alistair's Intoxi |       |       |       |       |     7 ||     7
 Invoke: Recite            |       |       |     1 |     5 |       ||     6
    Use: Scroll            |       |     2 |     3 |     4 |       ||     9
         Potion            |       |       |       |       |     1 ||     1
   Stab: Sleeping          |       |     1 |       |       |       ||     1
 Armour: Robe              |       |     1 |     2 |       |       ||     3
         Steam dragon scal |       |       |       |    28 |     6 ||    34
  Dodge: Dodged            |     1 |     6 |    27 |    86 |    10 ||   130
